 Dungeon Crawl Stone Soup version 0.17-a0-1900-g45e8110 (webtiles) character file.

1142 dpvblackbelt the Unseen (level 8, -3/55 HPs)
             Began as a Vampire Assassin on Sept 24, 2015.
             Was a Follower of Dithmenos.
             Slain by a water moccasin (9 damage)
             ... on level 6 of the Dungeon.
             The game lasted 00:19:33 (7011 turns).

dpvblackbelt the Unseen (Vampire Assassin)          Turns: 7011, Time: 00:19:33

Health: -3/55      AC:  4    Str: 10    XL:     8   Next: 15%
Magic:  8/8        EV: 12    Int: 14    God:    Dithmenos [*.....]
Gold:   74         SH:  0    Dex: 17    Spells: 2 memorised, 3 levels left

rFire  . . .     SeeInvis +     b - +0 blowgun
rCold  + + .     Clarity  .     c - +0 robe
rNeg   + + +     SustAt   +     (no shield)
rPois  +         Gourm    .     (no helmet)
rElec  .         Spirit   .     d - +0 cloak
rCorr  .         Warding  .     (no gloves)
rMut   .         Stasis   .     A - +0 pair of boots
MR     .....                    (no amulet)
Stlth  +++.......               o - ring of wizardry {Wiz+, !d}
                                x - ring of sustain attributes

@: confused, lethally poisoned (-3 -> -14), very slightly contaminated,
regenerating slowly, hasted, wreathed by umbra, very quick, not resistant to
hostile enchantments, fairly stealthy
A: fangs 3, see invisible, unbreathing
a: Bat Form, Renounce Religion


You were on level 6 of the Dungeon.
You worshipped Dithmenos.
Dithmenos was aware of your devotion.
You were near bloodless.

You visited 1 branch of the dungeon, and saw 6 of its levels.

You collected 218 gold pieces.
You spent 144 gold pieces at shops.

Inventory:

Hand weapons
 a - a +2 dagger
 b - a +0 blowgun (weapon)
Missiles
 e - 9 poisoned needles (quivered)
 r - 2 needles of frenzy
Armour
 c - a +0 robe (worn)
 d - a +0 cloak (worn)
 A - a +0 pair of boots (worn)
   (You bought it in a shop on level 5 of the Dungeon)
Jewellery
 o - a ring of wizardry (right hand) {Wiz+, !d}
   (You found it on level 2 of the Dungeon)
 x - a ring of sustain attributes (left hand)
   (You found it on level 5 of the Dungeon)
 G - an uncursed amulet of guardian spirit {unknown}
   (You found it on level 6 of the Dungeon)
Magical devices
 k - a wand of flame (16)
   (You took it off Jessica on level 2 of the Dungeon)
 I - a wand of cold (13)
   (You found it on level 6 of the Dungeon)
Scrolls
 j - a scroll of immolation {unknown}
 p - 4 scrolls of amnesia
 q - 2 scrolls of enchant weapon {unknown}
 s - a scroll of remove curse {unknown}
 u - 2 scrolls of teleportation {unknown}
 v - 3 scrolls of fog
 w - a scroll of enchant armour {unknown}
 B - a scroll of noise {unknown}
 E - 3 scrolls of identify {unknown}
 H - a scroll of recharging {unknown}
 J - a scroll of vulnerability {unknown}
 K - a scroll of fear {unknown}
Potions
 g - a potion of blood {@q1}
 h - a potion of brilliance {unknown}
 i - a potion of ambrosia {!q}
 m - 2 potions of agility {unknown}
 n - 2 potions of magic
 t - 3 potions of haste
 z - 2 potions of heal wounds {unknown}
 C - a potion of resistance {unknown}
 D - 2 potions of cancellation {unknown}
 F - a potion of poison {unknown}
Books
 l - a book of Changes
   (You found it on level 2 of the Dungeon)
 y - a book of Air
   (You found it on level 5 of the Dungeon)


   Skills:
 - Level 1.7 Fighting
 - Level 2.1 Short Blades
 - Level 1.5 Throwing
 - Level 1.1 Dodging
 + Level 15.1 Stealth


You had 3 spell levels left.
You knew the following spells:

 Your Spells              Type           Power        Failure   Level  Hunger
d - Repel Missiles        Chrm/Air       #.....       19%         2    ###....
s - Swiftness             Chrm/Air       #.......     19%         2    ###....


Dungeon Overview and Level Annotations

Branches:
Dungeon (6/15)             Temple (0/1) D:5

Altars:
Ashenzari
Dithmenos
Elyvilon
Okawaru
Qazlal
Vehumet
Xom

Shops:
D:4 =   D:5 [


Innate Abilities, Weirdness & Mutations

You heal slowly.
You have razor-sharp teeth.
You have supernaturally acute eyesight.
You can survive without breathing.


Message History

A giant frog comes into view.
Found a stone staircase leading up.
A water moccasin comes into view.
The helpless giant frog fails to defend itself.
You bite the giant frog, and draw its blood!
You feel better.
You feel slightly less thirsty.
You perforate the giant frog like a sieve!!!
You kill the giant frog!
Dithmenos accepts your kill.
Your Stealth skill increases to level 15!
You regained 8 hp, and now have 53/55 hp.
The water moccasin hisses angrily.
The water moccasin closely misses you.
You see here 13 arrows.
You hit the water moccasin.
The water moccasin bites you but does no damage.
You hit the water moccasin. You bite the water moccasin.
You draw the water moccasin's blood!
You feel better.
You feel slightly less thirsty. The water moccasin closely misses you.
Health restored: 55 You miss the water moccasin.
The water moccasin closely misses you.
You miss the water moccasin. The water moccasin barely misses you.
The hound barks!
You barely miss the water moccasin. Your bite misses the water moccasin.
The water moccasin closely misses you. The hound bites you.
The water moccasin closely misses you.
You take 2 damage, and have 53/55 hp.
You hit the water moccasin but do no damage.
The hound misses you.
The water moccasin bites you but does no damage.
The hound bites you but does no damage.
You hit the water moccasin. Your bite misses the water moccasin.
The water moccasin bites you but does no damage.
The hound bites you.
You take 2 damage, and have 51/55 hp.
The hound closely misses you. The water moccasin bites you.
The hound closely misses you.
You take 3 damage, and have 48/55 hp.
The hound barely misses you. The hound closely misses you.
You hit the hound. The hound bites you.
You take 6 damage, and have 42/55 hp.
You miss the hound. The hound bites you but does no damage.
The hound closely misses you.
You barely miss the hound. The hound closely misses you.
You hit the hound. The hound closely misses you.
You hit the hound. The hound barely misses you. The hound closely misses you.
You barely miss the hound. Your bite misses the hound. The hound bites you.
You take 4 damage, and have 39/55 hp.
You hit the hound. The hound closely misses you.
You miss the hound. The hound closely misses you. The hound barely misses you.
You hit the hound. The hound bites you.
You take 4 damage, and have 35/55 hp.
You hit the hound.
You kill the hound!
Dithmenos accepts your kill.
You hit the water moccasin but do no damage.
The water moccasin bites you.
You take 1 damage, and have 34/55 hp.
You hit the water moccasin. The water moccasin bites you!
The water moccasin bites you!
You are poisoned.
The water moccasin poisons you!
You take 16 damage, and have 18/55 hp.
MASSIVE DAMAGE!!
b - a +0 blowgun (weapon)
Aim: a water moccasin (moderately wounded, umbra)
You shoot a curare-tipped needle.
The curare-tipped needle barely misses the water moccasin.
You hear a distant blaring wail to the northwest.
The water moccasin misses you.
The water moccasin bites you but does no damage.
Aim: a water moccasin (moderately wounded, umbra)
You shoot a curare-tipped needle.
The curare-tipped needle hits the water moccasin.
The water moccasin bites you.
* * * LOW HITPOINT WARNING * * *
You take 3 damage, and have 15/55 hp.
Aim: a water moccasin (moderately wounded, umbra)
You shoot a poisoned needle.
The poisoned needle misses the water moccasin.
You feel sick. The water moccasin bites you!
* * * LOW HITPOINT WARNING * * *
You take 8 damage, and have 7/55 hp.
Drink which item? (? for menu, Esc to quit)
It was a potion of haste.
You feel yourself speed up. The water moccasin barely misses you.
The water moccasin bites you.
* * * LOW HITPOINT WARNING * * *
You are very lightly contaminated with residual magic.
You take 2 damage, and have 5/55 hp.
Drink which item? (? for menu, Esc to quit)
It was a potion of magic.
Magic courses through your body.
* * * LOW HITPOINT WARNING * * *
You feel sick.
You take 1 damage, and have 4/55 hp.
Drink which item? (? for menu, Esc to quit)
It was a potion of ambrosia.
You are confused.
You feel invigorated. The water moccasin bites you!
You die...

.######............[.
#..............
#..............
#..............
#.######..............
#.....................
#######....###########
#<#..### # #@#..#
#.##S#..# #.......#
####.##.#########
#......(.......
#...(..#.########
#.######.# #> ..# #
####


You could see a water moccasin.

Vanquished Creatures
  A black bear (D:5)
  An ogre (D:5)
  2 necrophages
  A giant frog (D:6)
  2 scorpions
  2 orc priests
  2 hounds
  2 jellies (D:6)
  Jessica (D:2)
  Natasha (twice) (D:4)
  3 orc wizards
  3 worker ants
  A hound skeleton (D:6)
  A worker ant zombie (D:5)
  9 adders
  4 gnolls
  3 worms
  4 giant geckos
  16 orcs
  8 hobgoblins
  3 jackals (D:2)
  2 quokkas
  A ball python (D:2)
  11 bats
  2 giant cockroaches
  6 giant newts
  10 goblins
  6 kobolds
  10 rats
119 creatures vanquished.

Notes
Turn   | Place    | Note
--------------------------------------------------------------
     0 | D:1      | dpvblackbelt the Vampire Assassin began the quest for the Orb.
     0 | D:1      | Reached XP level 1. HP: 16/16 MP: 1/1
    12 | D:1      | Reached skill level 6 in Stealth
   212 | D:1      | Reached XP level 2. HP: 22/22 MP: 2/2
   449 | D:1      | Reached skill level 7 in Stealth
  1305 | D:2      | Noticed Jessica
  1323 | D:2      | Killed Jessica
  1323 | D:2      | Reached skill level 8 in Stealth
  1323 | D:2      | Reached XP level 3. HP: 11/27 MP: 3/3
  1758 | D:2      | Learned a level 1 spell: Beastly Appendage
  1808 | D:2      | Reached XP level 4. HP: 33/33 MP: 4/4
  1846 | D:1      | HP: 8/33 [poisoned by an adder]
  2336 | D:2      | Found a stormy altar of Qazlal.
  2391 | D:2      | Found a shimmering altar of Xom.
  2456 | D:2      | Found a shattered altar of Ashenzari.
  2484 | D:2      | Reached skill level 9 in Stealth
  2514 | D:2      | Found a shadowy altar of Dithmenos.
  2594 | D:2      | Became a worshipper of Dithmenos the Shadowed
  2960 | D:3      | Reached XP level 5. HP: 38/38 MP: 5/5
  3326 | D:3      | Reached skill level 10 in Stealth
  4418 | D:4      | Noticed Natasha
  4420 | D:4      | Killed Natasha
  4420 | D:4      | Reached skill level 11 in Stealth
  4420 | D:4      | Reached XP level 6. HP: 44/44 MP: 6/6
  4541 | D:4      | Found an iron altar of Okawaru.
  4556 | D:4      | Found Emna's Jewellery Shop.
  4568 | D:4      | Noticed Natasha
  4582 | D:4      | Killed Natasha
  4686 | D:4      | Noticed a phantom
  4699 | D:5      | Entered Level 5 of the Dungeon
  4770 | D:5      | Found a staircase to the Ecumenical Temple.
  4842 | D:5      | Learned a level 2 spell: Repel Missiles
  4845 | D:5      | Learned a level 2 spell: Swiftness
  4850 | D:5      | Found Vonlawne's Antique Armour Shoppe.
  4853 | D:5      | Bought a pair of boots for 144 gold pieces
  4873 | D:5      | Reached skill level 12 in Stealth
  4907 | D:5      | Reached XP level 7. HP: 49/49 MP: 7/7
  5146 | D:5      | Reached skill level 13 in Stealth
  5776 | D:6      | Reached skill level 14 in Stealth
  5859 | D:6      | HP: 12/49 [poisoned by an adder]
  5864 | D:6      | HP: 11/49 [poisoned by an adder]
  5872 | D:6      | HP: 10/49 [poisoned by an adder]
  5877 | D:6      | HP: 10/49 [poisoned by an adder]
  6770 | D:6      | Found a white marble altar of Elyvilon.
  6776 | D:6      | Found a radiant altar of Vehumet.
  6821 | D:6      | Reached XP level 8. HP: 55/55 MP: 8/8
  6975 | D:6      | Reached skill level 15 in Stealth
  7008 | D:6      | HP: 7/55 [water moccasin (8)]
  7011 | D:6      | Slain by a water moccasin

Vault maps used:
D:1:      dpeg_arrival_tiny_i
D:2:      lemuel_round_altar, lemuel_round_altar, ashenzari_altar_1,
          xom_teletrap_fun, first_bread, uniq_jessica
D:3:      minmay_curled_crystal
D:4:      old_standard_altar, lemuel_round_altar, serial_shops,
          nicolae_shop_stone, uniq_eustachio, uniq_natasha, uniq_sigmund
D:5:      temple_hall, serial_shops, kennysheep_mini_moat, minmay_misc_feat_chi,
          grunt_ministairs_5
D:6:      lemuel_ice_spiral_2, grunt_temple_overflow_open

Action                   |  1- 3 |  4- 6 |  7- 9 || total
-------------------------+-------+-------+-------++-------
Melee: Dagger            |    59 |   133 |   112 ||   304
 Fire: Blowgun           |    11 |    27 |    13 ||    51
  Use: Potion            |       |     1 |     3 ||     4
       Scroll            |       |       |     2 ||     2
 Stab: Sleeping          |    11 |    23 |    14 ||    48
  Eat: Corpse            |       |       |     2 ||     2

Vault maps used:
D:1:      dpeg_arrival_tiny_i
D:2:      lemuel_round_altar, lemuel_round_altar, ashenzari_altar_1,
          xom_teletrap_fun, first_bread, uniq_jessica
D:3:      minmay_curled_crystal
D:4:      old_standard_altar, lemuel_round_altar, serial_shops,
          nicolae_shop_stone, uniq_eustachio, uniq_natasha, uniq_sigmund
D:5:      temple_hall, serial_shops, kennysheep_mini_moat, minmay_misc_feat_chi,
          grunt_ministairs_5
D:6:      lemuel_ice_spiral_2, grunt_temple_overflow_open

Table legend:
 A = Turns spent in this place as a percentage of turns spent in the entire game.
 B = Non-inter-level travel turns spent in this place as a percentage of non-inter-level travel turns spent in the entire game.
 C = Inter-level travel turns spent in this place as a percentage of turns spent in this place.
 D = Turns resting spent in this place as a percentage of non-inter-level travel turns spent in this place.
 E = Turns spent auto-exploring this place as a percentage of non-inter-level travel turns spent in this place.
 F = Non-inter-level travel turns spent in this place divided by the number of levels of this place that you've seen.
                   A       B       C       D       E      F
               +-------+-------+-------+-------+-------+----------------------
         Total | 100.0 | 100.0 |   0.3 |   3.9 |   8.4 | 249.5
       Dungeon | 100.0 | 100.0 |   0.3 |   3.9 |   8.4 | 249.5
               +-------+-------+-------+-------+-------+----------------------

Table legend:
 A = Kills in this place as a percentage of kills in entire the game.
 B = Kills by you in this place as a percentage of kills by you in the entire game.
 C = Kills by friends in this place as a percentage of kills by friends in the entire game.
 D = Other kills in this place as a percentage of other kills in the entire game.
 E = Experience gained in this place as a percentage of experience gained in the entire game.
 F = Experience gained in this place divided by the number of levels of this place that you have seen.
                   A       B       C       D       E      F
               +-------+-------+-------+-------+-------+----------------------
         Total | 100.0 | 100.0 |  -nan |  -nan | 100.0 | 272.0
       Dungeon | 100.0 | 100.0 |  -nan |  -nan | 100.0 | 272.0
               +-------+-------+-------+-------+-------+----------------------
